 Dungeon Sprint DCSS version 0.18.1-50-g88ac8fd (webtiles) character file.

1873 Inkary the Brawler (level 8, -5/74 HPs)
             Began as a Troll Monk on Sept 18, 2016.
             Was a High Priest of Qazlal.
             Slain by a blink frog (15 damage)
             ... in the Dungeon (Sprint IX: "|||||||||||||||||||||||||||||").
             The game lasted 00:01:55 (337 turns).

Inkary the Brawler (Troll Monk)                      Turns: 337, Time: 00:01:55

Health: -5/74      AC:  9    Str: 23    XL:     8   Next: 91%
Magic:  7/7        EV: 10    Int:  6    God:    Qazlal [*****.]
Gold:   7          SH:  6    Dex: 14    Spells: 0 memorised, 7 levels left

rFire  . . .     SeeInvis .       - Unarmed
rCold  . . .     Gourm    +     a - +0 robe
rNeg   . . .     Faith    .     (no shield)
rPois  .         Spirit   .     (helmet restricted)
rElec  .         Dismiss  .     o - +0 cloak
rCorr  .         Reflect  .     (gloves unavailable)
SustAt .         Harm     .     (boots unavailable)
MR     .....     NoTele   +     (no amulet)
Stlth  +.........               (no ring)
                                p - +3 ring of strength

@: protected from physical damage, repel missiles, not resistant to hostile
enchantments, very unstealthy
A: unfitting armour, claws 3, fast metabolism 3, gourmand, regeneration 2,
shaggy fur 1, tough skin 2
a: Upheaval, Elemental Force, Disaster Area, Renounce Religion


You were in the Dungeon.
You worshipped Qazlal.
Qazlal was extremely pleased with you.
You were very full.

You visited 1 branch You collected 7 gold pieces.

Inventory:

Hand Weapons
 n - a +2 dire flail of protection
Armour
 a - a +0 robe (worn)
 o - a +0 cloak (worn)
Jewellery
 p - a +3 ring of strength (left claw)
Wands
 m - a wand of lightning (7/15)
Scrolls
 h - 2 scrolls of blinking
 k - 3 scrolls of remove curse
 l - 2 scrolls of amnesia
 q - a scroll of fear
 r - 4 scrolls of enchant weapon
 s - 2 scrolls of fog
Potions
 c - 8 potions of curing
 d - 6 potions of heal wounds
 e - a potion of haste
 f - 4 potions of magic
 g - a potion of berserk rage
 j - a potion of invisibility
Comestibles
 b - 2 bread rations
 i - 3 chunks of flesh


   Skills:
 - Level 2.4 Fighting
 - Level 2.4 Dodging
 - Level 1.1 Stealth
 * Level 18.7 Unarmed Combat


You had 7 spell levels left.
You didn't know any spells.

Dungeon Overview and Level Annotations

Branches:
Dungeon (1/1)

Altars:
Cheibriados
Dithmenos
Elyvilon
Fedhas
Gozag
Kikubaaqudgha
Makhleb
Nemelex Xobeh
Okawaru
Pakellas
Qazlal
Ru
Sif Muna
Trog
Vehumet
Xom
Yredelemnul
Zin
The Shining One
Beogh
Jiyva
Lugonu


Innate Abilities, Weirdness & Mutations

You are too large for most types of armour.
You have claws for hands.
Your metabolism is lightning-fast.
You like to eat raw meat.
You heal very quickly.
You are covered in fur (AC +1).
You have very tough skin (AC +2).


Message History

* * * LOW HITPOINT WARNING * * *
You closely miss the iguana.
The iguana is severely wounded.
The iguana closely misses you.
A black mamba comes into view.
The black mamba hisses angrily.
You mangle the iguana!!
You kill the iguana!
Qazlal accepts your kill. You block the rime drake's attack.
The rime drake closely misses you.
You see here a basilisk corpse.
You claw the rime drake! Your claw misses the rime drake.
The rime drake is heavily wounded.
The blink frog hits you!
* * * LOW HITPOINT WARNING * * *
You mangle the rime drake!!
You kill the rime drake!
Qazlal accepts your kill. The blink frog hits you!
You die...

▓_▓.▓
▓_▓.▓.▓
▓_▓.▓.▓
▓_▓.▓.▓
▓_▓.▓.▓
▓_▓.▓S▓
▓_▓.▓H▓
▓_▓.▓†▓
▓_▓.▓@▓
▓_▓.▓F▓
▓_▓.▓†▓
▓_▓.▓.▓
▓_▓.▓.▓
▓_▓.▓.▓
▓_▓.▓.▓
▓'▓.▓.▓
▓.▓.▓)▓


You could see a black mamba, a hippogriff and a blink frog.

Vanquished Creatures
  A centaur warrior (D)
  A rime drake (D)
  A shadow (D)
  A basilisk (D)
  A wraith (D)
  2 crocodiles (D)
  A giant frog (D)
  A gnoll sergeant (D)
  A killer bee (D)
  A hound (D)
  3 iguanas (D)
  4 adders (D)
  A dart slug (D)
  2 orcs (D)
  A bat (D)
  A bat skeleton (D)
  A hobgoblin (D)
  A quokka (D)
  A ball python zombie (D)
  A goblin (D)
  A rat (D)
28 creatures vanquished.

Notes
Turn   | Place    | Note
--------------------------------------------------------------
     0 | D        | Inkary the Troll Monk began the quest for the Orb.
     0 | D        | Reached XP level 1. HP: 22/22 MP: 0/0
    10 | D        | Reached skill level 5 in Unarmed Combat
    32 | D        | Reached skill level 6 in Unarmed Combat
    32 | D        | Reached XP level 2. HP: 29/29 MP: 1/1
    35 | D        | Reached skill level 7 in Unarmed Combat
    41 | D        | Reached XP level 3. HP: 29/36 MP: 2/2
    45 | D        | Reached skill level 8 in Unarmed Combat
    54 | D        | Found a glowing silver altar of Zin.
    54 | D        | Found a glowing golden altar of the Shining One.
    54 | D        | Found an ancient bone altar of Kikubaaqudgha.
    54 | D        | Found a basalt altar of Yredelemnul.
    54 | D        | Found a shimmering altar of Xom.
    54 | D        | Found a radiant altar of Vehumet.
    55 | D        | Found an iron altar of Okawaru.
    56 | D        | Found a burning altar of Makhleb.
    57 | D        | Found a deep blue altar of Sif Muna.
    58 | D        | Found a bloodstained altar of Trog.
    59 | D        | Found a sparkling altar of Nemelex Xobeh.
    62 | D        | Found a white marble altar of Elyvilon.
    63 | D        | Found a roughly hewn altar of Beogh.
    64 | D        | Found a viscous altar of Jiyva.
    65 | D        | Found a corrupted altar of Lugonu.
    66 | D        | Found a blossoming altar of Fedhas.
    67 | D        | Found a snail-covered altar of Cheibriados.
    68 | D        | Found a shadowy altar of Dithmenos.
    69 | D        | Found a stormy altar of Qazlal.
    70 | D        | Found an opulent altar of Gozag.
    71 | D        | Found a sacrificial altar of Ru.
    72 | D        | Found an oddly glowing altar of Pakellas.
    77 | D        | Became a worshipper of Qazlal Stormbringer
    77 | D        | Reached * piety under Qazlal
    77 | D        | Reached ** piety under Qazlal
   109 | D        | Noticed a crocodile
   109 | D        | Noticed a giant frog
   109 | D        | Noticed a killer bee
   109 | D        | Noticed a gnoll sergeant
   123 | D        | Killed a gnoll sergeant
   123 | D        | Reached skill level 10 in Unarmed Combat
   123 | D        | Reached XP level 4. HP: 39/44 MP: 3/3
   124 | D        | Reached XP level 5. HP: 45/50 MP: 4/4
   125 | D        | Reached *** piety under Qazlal
   128 | D        | Reached skill level 12 in Unarmed Combat
   137 | D        | Killed a crocodile
   137 | D        | Reached skill level 13 in Unarmed Combat
   137 | D        | Reached XP level 6. HP: 37/59 MP: 5/5
   147 | D        | Noticed a centaur warrior
   147 | D        | Noticed a shadow
   147 | D        | Noticed a wraith
   150 | D        | Killed a wraith
   150 | D        | Reached skill level 14 in Unarmed Combat
   152 | D        | Reached **** piety under Qazlal
   156 | D        | Killed a shadow
   156 | D        | Reached skill level 15 in Unarmed Combat
   156 | D        | Reached XP level 7. HP: 49/66 MP: 6/6
   167 | D        | Killed a centaur warrior
   167 | D        | Reached skill level 17 in Unarmed Combat
   167 | D        | Reached XP level 8. HP: 23/74 MP: 7/7
   313 | D        | Noticed a blink frog
   317 | D        | Reached ***** piety under Qazlal
   318 | D        | Noticed a rime drake
   329 | D        | Reached skill level 18 in Unarmed Combat
   334 | D        | Noticed a black mamba
   337 | D        | Killed a rime drake
   337 | D        | Slain by a blink frog

Skill      XL: |  1  2  3  4  5  6  7  8 |
---------------+-------------------------+-----
Unarmed Combat | 6 7 10 13 15 17 18 | 18.7
Fighting       | |  2.4
Dodging        | |  2.4
Stealth        | |  1.1

Action                   |  1- 3 |  4- 6 |  7- 9 || total
-------------------------+-------+-------+-------++-------
Melee: Unarmed           |    37 |    20 |    33 ||    90
       Punch             |     1 |     2 |     1 ||     4
  Use: Potion            |     2 |       |       ||     2
  Eat: Chunk             |       |     1 |     6 ||     7
Armor: Robe              |    13 |     1 |     2 ||    16
Dodge: Dodged            |     6 |     5 |     6 ||    17
Block: Other             |     2 |     1 |     5 ||     8
